 Dungeon Sprint DCSS version 0.29.1-12-g30fa7ad0bf (webtiles) character file.

Game seed: 11650772508138042969

119 Groucho the Covert (level 4, -3/21 HPs)
             Began as a Spriggan Enchanter on Dec 27, 2022.
             Slain by a wyvern (13 damage)
             ... in the Dungeon (Sprint II: "The Violet Keep of Menkaure").
             The game lasted 00:00:20 (20 turns).

Groucho the Covert (Spriggan Enchanter)               Turns: 20, Time: 00:00:20

Health: -3/21      AC:  2    Str:  6    XL:     4   Next: 73%
Magic:  6/12       EV: 17    Int: 16    God:
Gold:   0          SH:  0    Dex: 15    Spells: 14/14 levels left

rFire   . . .      SeeInvis +   a - +1 dagger
rCold   . . .      Faith    .   (no shield)
rNeg    . . .      Spirit   .   b - +0 robe
rPois   .          Reflect  .   (helmet restricted)
rElec   .          Harm     .   (no cloak)
rCorr   .          Rampage  .   (gloves unavailable)
Will    .....      NoTele   +   (boots unavailable)
Stlth   ++++......              (no amulet)
HPRegen 0.07/turn               (no ring)
MPRegen 0.13/turn               (no ring)

@: lethally poisoned (-3 -> -7), hasted, invisible, very quick
A: very small, no large weapons, unfitting armour, see invisible, speed 3
a: no special abilities


You were in the Dungeon.
You visited 1 branch

Inventory:

Hand Weapons
 a - a +1 dagger (weapon)
Armour
 b - a +0 robe (worn)
Scrolls
 i - a scroll of blinking
Potions
 c - a potion of invisibility
 d - a potion of curing
 e - a potion of heal wounds
 g - 2 potions of magic
 h - a potion of berserk rage


   Skills:
 + Level 4.6 Short Blades
 - Level 2.6 Dodging
 * Level 10.3 Stealth
 + Level 5.6 Spellcasting
 + Level 6.2 Hexes


You had 14 spell levels left.
You didn't know any spells.
Your spell library contained the following spells:

 Spells                   Type           Power      Damage    Failure   Level
 Confusing Touch          Hex            24%        N/A       3%          3
 Tukima's Dance           Hex            24%        N/A       3%          3
 Ensorcelled Hibernation  Hex/Ice        28%        N/A       6%          2
 Dazzling Flash           Conj/Hex       28%        N/A       12%         3


Dungeon Overview and Level Annotations

Branches:
Dungeon (1/1)

Altars:


Innate Abilities, Weirdness & Mutations

You are very small and have problems with some larger weapons.
You are too small for most types of armour.
You have supernaturally acute eyesight. (SInv)
You cover ground extremely quickly. (Speed+++)


Message History

Your Spellcasting skill gained 2 levels and is now at level 4!
Your Hexes skill gained 2 levels and is now at level 5!
You have reached level 2!
You have reached level 3!
Your experience leads to an increase in your attributes!
Increase (S)trength, (I)ntelligence, or (D)exterity?
You feel stronger. x2
Unknown command.
Unknown command.
The helpless scorpion fails to defend itself.
You skewer the scorpion like a kebab!!!
You kill the scorpion!
Your Short Blades skill increases to level 4!
Your Stealth skill gained 2 levels and is now at level 10!
Your Spellcasting skill increases to level 5!
Your Hexes skill increases to level 6!
You have reached level 4!
Unknown command.
There is an open door here.
The scorpion stings you.
You are poisoned.
The scorpion poisons you!
You hit the scorpion.
The scorpion is lightly wounded.
You feel sick.
Unknown command.
Unknown command.
There is an open door here.
You feel sick.
You close the door.
You feel sick.
You open the door. 2 wyverns come into view.
You feel sick.
Found 243 gold pieces.
You feel sick.
The wyvern hisses angrily.
There is an open door here.
You hit the wyvern but do no damage. The wyvern bites you!
Ouch! That really hurt!
You die...

#+# ###$###
#..#†.# #
#s#.# ##
##.
##+###.#
#.B$##.##l#
#+.<.@#
#.B.##.##.#
##. #+# #l#
# ##


You could see 2 wyverns.

Vanquished Creatures
  2 scorpions (D)
2 creatures vanquished.

Notes
Turn   | Place    | Note
-------+----------+-------------------------------------------
     0 | D        | Groucho the Spriggan Enchanter began the quest for the Orb.
     0 | D        | Reached XP level 1. HP: 9/9 MP: 5/5
     3 | D        | Noticed a boulder beetle
     3 | D        | Noticed a boulder beetle
     6 | D        | Noticed a scorpion
     6 | D        | Noticed a scorpion
     6 | D        | Noticed a scorpion
     6 | D        | Noticed a scorpion
     9 | D        | Killed a scorpion
    10 | D        | Reached skill level 8 in Stealth
    10 | D        | Reached skill level 5 in Hexes
    10 | D        | Reached XP level 2. HP: 13/13 MP: 5/8
    10 | D        | Reached XP level 3. HP: 16/16 MP: 6/10
    10 | D        | Killed a scorpion
    11 | D        | Reached skill level 10 in Stealth
    11 | D        | Reached skill level 5 in Spellcasting
    11 | D        | Reached XP level 4. HP: 21/21 MP: 6/12
    18 | D        | Noticed a wyvern
    18 | D        | Noticed a wyvern
    20 | D        | Slain by a wyvern

Illustrated notes

Levels and vault maps discovered:
D:        the_violet_keep_of_menkaure [sprint2_stairs_cluster_1,
          sprint2_shoproom, sprint2_temple, sprint2_basic_supplies,
          sprint2_obstacle_7, sprint2_obstacle_4, sprint2_obstacle_1,
          sprint2_obstacle_5, sprint2_obstacle_3, sprint2_timed_cluster_1,
          sprint2_smallroom_cluster_1, sprint2_smallroom_final_cluster_1,
          sprint2_transparent_cluster_1, sprint2_second_timed_cluster_1,
          sprint2_sniper_area_1, sprint2_heavy_combat_area_1,
          sprint2_mutation_trap_area_1, sprint2_forest_area_1,
          sprint2_light_combat_area_1, sprint2_behind_water_1,
          sprint2_near_end_vault_1]

Skill      XL: |  1  2  3 |
---------------+----------+-----
Short Blades   | 3 4 |  4.6
Stealth        | 8 10 | 10.3
Spellcasting   | 4 5 |  5.6
Hexes          | 5 6 |  6.2
Dodging        | |  2.6

Action                   |  1- 3 |  4- 6 || total
-------------------------+-------+-------++-------
Melee: Dagger            |     2 |     2 ||     4
  Use: Potion            |     2 |       ||     2
 Stab: Sleeping          |     2 |       ||     2
